 Dungeon Crawl Stone Soup version 0.22-a0-514-g96ba041d05 (webtiles) character file.

4249 8fpsbossfight the Spear-Bearer (level 10, -3/85 HPs)
             Began as a Merfolk Gladiator on June 19, 2018.
             Was a Follower of Makhleb.
             Splashed by a centaur's acid (11 damage)
             ... on level 8 of the Dungeon.
             The game lasted 00:20:58 (7708 turns).

8fpsbossfight the Spear-Bearer (Merfolk Gladiator)  Turns: 7708, Time: 00:20:59

Health: -3/85      AC:  5    Str: 17    XL:     10   Next: 31%
Magic:  10/10      EV: 13    Int:  8    God:    Makhleb [*.....]
Gold:   326        SH:  5    Dex: 16    Spells: 9/9 levels left

rFire    . . .     SeeInvis +   a - +0 trident
rCold    . . .     Gourm    .   d - +0 buckler
rNeg     . . .     Faith    .   p - +0 scale mail
rPois    .         Spirit   .   o - +0 helmet
rElec    .         Reflect  .   l - +1 cloak
rCorr    .         Harm     .   (no gloves)
MR       .....                  (no boots)
Stlth    ..........             (no amulet)
HPRegen  0.24/turn              z - ring of see invisible
MPRegen  0.12/turn              (no ring)

@: corroded
A: change form in water, swift swim, stealthy swim
a: Renounce Religion


You were on level 8 of the Dungeon.
You worshipped Makhleb.
Makhleb was aware of your devotion.
You were hungry.

You visited 1 branch of the dungeon, and saw 8 of its levels.

You collected 326 gold pieces.

Inventory:

Hand Weapons
 a - a +0 trident (weapon)
 E - a cursed -1 blowgun
   (You took it off a kobold on level 8 of the Dungeon)
Missiles
 i - 15 tomahawks (quivered)
 F - 14 poisoned needles
Armour
 d - a +0 buckler (worn)
   (You found it on level 4 of the Dungeon)
 l - a +1 cloak (worn)
   (You found it on level 1 of the Dungeon)
 o - a +0 helmet (worn)
   (You found it on level 1 of the Dungeon)
 p - a +0 scale mail (worn)
   (You found it on level 2 of the Dungeon)
 y - a +0 pair of gloves
   (You found it on level 6 of the Dungeon)
 D - the +0 ring mail of Midsummer {*Corrode rElec rN+ Str+4, unknown}
   (You found it on level 8 of the Dungeon)

   It affects your strength (+4).
   It insulates you from electricity.
   It protects you from negative energy.
   It may corrode you when you take damage.
Jewellery
 z - a ring of see invisible (left hand)
   (You found it on level 4 of the Dungeon)
Wands
 t - a wand of flame (6)
   (You took it off Crazy Yiuf on level 4 of the Dungeon)
 u - a wand of paralysis (30)
   (You took it off Ijyb on level 5 of the Dungeon)
Scrolls
 b - a scroll of random uselessness {unknown}
 c - 8 scrolls of amnesia
 g - 6 scrolls of remove curse {@r2}
 k - 4 scrolls of enchant weapon
 n - 6 scrolls of teleportation {@r4}
 q - a scroll of silence {unknown}
 r - 2 scrolls of fear {unknown}
 v - a scroll of enchant armour {unknown}
Potions
 f - 3 potions of lignification {unknown}
 h - 2 potions of ambrosia {unknown}
 j - 7 potions of heal wounds {@q2}
 m - 2 potions of might
 s - 3 potions of curing {@q1}
 w - a potion of berserk rage
 x - 4 potions of degeneration {unknown}
 A - a potion of resistance {unknown}
 B - 4 potions of flight
 C - a potion of haste {unknown}
Comestibles
 e - 15 rations


   Skills:
 - Level 10.1 Fighting
 - Level 14.0 Polearms
 - Level 2.0 Throwing
 + Level 6.4 Dodging
 - Level 4.4 Shields


You had 9 spell levels left.
You didn't know any spells.
Your spell library contained the following spells:

 Spells                   Type           Power        Failure   Level  Hunger
 Confuse                  Hex            #.......     99%         3    ####...
 Tukima's Dance           Hex            #.......     99%         3    ####...
 Stone Arrow              Conj/Erth      #.....       99%         3    ####...
 Passwall                 Tmut/Erth      #.......     94%         2    ###....
 Ensorcelled Hibernation  Hex/Ice        #.....       94%         2    ###....
 Corona                   Hex            #......      85%         1    ##.....
 Lee's Rapid Deconstruct  Erth           #.........   100%        5    ######.
 Sandblast                Erth           #.....       85%         1    ##.....
 Petrify                  Tmut/Erth      #.......     100%        4    #####..
 Dazzling Spray           Conj/Hex       #.....       99%         3    ####...


Dungeon Overview and Level Annotations

Branches:
Dungeon (8/15)             Temple (0/1) D:5
   Lair: D:8-11

Altars:
Ashenzari
Elyvilon
Fedhas
Makhleb
Okawaru
Ru
Trog
Vehumet
Zin
The Shining One

Shops:
D:5 (   D:7 *

Annotations:
D:8 Grum


Message History

A giant cockroach is nearby!
A giant cockroach is nearby!
A giant cockroach is nearby!
A giant cockroach is nearby!
You barely miss the giant cockroach. You block the giant cockroach's attack.
You hit the giant cockroach.
The giant cockroach bites you but does no damage.
You barely miss the giant cockroach.
The giant cockroach bites you but does no damage.
You closely miss the giant cockroach. You puncture the giant cockroach!
You kill the giant cockroach!
Makhleb accepts your kill.
No target in view!
No target in view!
F - 14 poisoned needles (gained 11)
The centaur is too close now for your liking.
A centaur is nearby!
A centaur is nearby!
A centaur is nearby!
A centaur is nearby!
Throwing (i - inventory)
i - 16 tomahawks (quivered)
Aim: a centaur, wielding a shortbow (hasn't noticed you)
You throw a tomahawk. The tomahawk hits the centaur!
The centaur shoots an arrow.
The arrow hits you!
You take 8 damage, and have 77/85 hp.
You start resting.
The centaur zaps a wand.
The bolt of acid hits you!
You are splashed with acid!
The acid burns!
It is a wand of acid (7).
You take 24 damage, and have 54/85 hp.
MASSIVE DAMAGE!!
The centaur zaps a wand.
The bolt of acid hits you!
You are splashed with acid!
The acid burns!
* * * LOW HITPOINT WARNING * * *
You take 20 damage, and have 34/85 hp.
MASSIVE DAMAGE!!
You barely miss the centaur.
The centaur unwields an uncursed shortbow.
The centaur hits you.
* * * LOW HITPOINT WARNING * * *
You take 3 damage, and have 31/85 hp.
You hit the centaur.
The centaur zaps a wand.
The bolt of acid misses you.
You hit the centaur. You block the centaur's attack.
You hit the centaur.
The centaur zaps a wand.
The bolt of acid hits you!
* * * LOW HITPOINT WARNING * * *
The acid corrodes you!
You are splashed with acid!
The acid burns!
You die...

....(.. ####...#...l
....... ##.....###c..
....... ##.....## ##.<
....... ##.......## ##.
#...... #.........## ##
#...... ##..........## #
#......## ##............# #
#......(###.............###
#........#@............###.
#...#....c.................
#.. ###...................#
. ##...............###.
##...............###.
##.........._......#..
#.....................
##.(.(...........#.....
##...............####...


You could see a centaur.

Vanquished Creatures
  Prince Ribbit (D:5)
  Grinder (D:6)
  Sigmund (D:4)
  A spriggan (D:7)
  Menkaure (D:4)
  Edmund (D:6)
  2 water moccasins (D:7)
  3 black bears
  3 ice beasts
  3 sky beasts
  A necrophage (D:4)
  8 ogres
  A wolf (D:7)
  2 centaurs
  A big kobold (D:8)
  A bullfrog (D:6)
  A water moccasin zombie (D:7)
  A scorpion (D:7)
  9 killer bees (D:7)
  2 crimson imps
  Crazy Yiuf (D:4)
  2 hounds
  2 orc wizards
  A centaur skeleton (D:7)
  Ijyb (D:5)
  Natasha (D:4)
  3 worker ants
  2 hound skeletons
  A worker ant zombie (D:6)
  2 howler monkey skeletons
  9 adders
  A shadow imp (D:6)
  2 oozes
  2 adder zombies
  4 worms
  4 dart slugs
  5 leopard geckos
  6 orcs
  20 giant cockroaches
  10 goblins
  8 hobgoblins
  2 jackals (D:1)
  6 quokkas
  10 bats
  5 frilled lizards
  12 kobolds
  9 rats
175 creatures vanquished.

Vanquished Creatures (others)
  A giant cockroach (D:4)
  A rat (D:4)
2 creatures vanquished.

Grand Total: 177 creatures vanquished

Notes
Turn   | Place    | Note
-------+----------+-------------------------------------------
     0 | D:1      | 8fpsbossfight the Merfolk Gladiator began the quest for the Orb.
     0 | D:1      | Reached XP level 1. HP: 16/16 MP: 1/1
    71 | D:1      | Reached skill level 5 in Polearms
    71 | D:1      | Reached XP level 2. HP: 23/23 MP: 2/2
   324 | D:1      | Reached XP level 3. HP: 28/28 MP: 3/3
   799 | D:2      | Reached skill level 6 in Polearms
   892 | D:2      | Reached XP level 4. HP: 19/35 MP: 4/4
  1052 | D:2      | Found a white marble altar of Elyvilon.
  1669 | D:2      | Reached skill level 7 in Polearms
  1861 | D:3      | Reached XP level 5. HP: 41/41 MP: 5/5
  2754 | D:4      | Noticed an ogre
  2764 | D:4      | Killed an ogre
  2764 | D:4      | Reached skill level 8 in Polearms
  2764 | D:4      | Reached XP level 6. HP: 48/48 MP: 6/6
  2767 | D:4      | Noticed Sigmund
  2784 | D:4      | Killed Sigmund
  2784 | D:4      | Reached skill level 9 in Polearms
  2897 | D:4      | Reached XP level 7. HP: 52/55 MP: 7/7
  2943 | D:4      | Reached skill level 5 in Fighting
  2993 | D:4      | Noticed Menkaure
  3013 | D:4      | Killed Menkaure
  3013 | D:4      | Reached skill level 10 in Polearms
  3023 | D:4      | Found a bloodstained altar of Trog.
  3147 | D:4      | Found a runed door.
  3199 | D:4      | Reached skill level 11 in Polearms
  3199 | D:4      | Reached XP level 8. HP: 57/63 MP: 8/8
  3391 | D:4      | Found a radiant altar of Vehumet.
  3574 | D:4      | Noticed Natasha
  3581 | D:4      | Killed Natasha
  3675 | D:4      | Noticed Crazy Yiuf
  3696 | D:4      | Killed Crazy Yiuf
  3903 | D:5      | Entered Level 5 of the Dungeon
  3915 | D:5      | Noticed Prince Ribbit
  3933 | D:5      | Killed Prince Ribbit
  3933 | D:5      | Reached skill level 12 in Polearms
  3993 | D:5      | Noticed Ijyb
  3998 | D:5      | Paralysed by Ijyb for 5 turns
  4025 | D:5      | Paralysed by Ijyb for 4 turns
  4035 | D:5      | Killed Ijyb
  4107 | D:5      | Found a blossoming altar of Fedhas.
  4119 | D:5      | Found a glowing golden altar of the Shining One.
  4176 | D:5      | Found a glowing silver altar of Zin.
  4176 | D:5      | Found a burning altar of Makhleb.
  4177 | D:5      | Noticed an Executioner
  4177 | D:5      | Noticed an angel
  4181 | D:5      | Became a worshipper of Makhleb the Destroyer
  4252 | D:5      | Found a staircase to the Ecumenical Temple.
  4374 | D:5      | Found Agasefo's Antique Weapon Shoppe.
  4498 | D:6      | Reached skill level 13 in Polearms
  4536 | D:6      | Reached XP level 9. HP: 28/71 MP: 9/9
  4815 | D:6      | Noticed Grinder
  5040 | D:7      | Reached skill level 14 in Polearms
  5354 | D:7      | Reached * piety under Makhleb
  5769 | D:7      | Found Kaoplaxt's General Store.
  5851 | D:7      | Found a shattered altar of Ashenzari.
  6118 | D:6      | Noticed Edmund
  6132 | D:6      | Killed Edmund
  6177 | D:6      | Reached skill level 10 in Fighting
  6277 | D:6      | Reached skill level 1 in Shields
  6534 | D:6      | Found an iron altar of Okawaru.
  6593 | D:6      | Reached XP level 10. HP: 82/85 MP: 10/10
  6640 | D:6      | Found a sacrificial altar of Ru.
  6679 | D:6      | Paralysed by Grinder for 2 turns
  6681 | D:6      | Killed Grinder
  6934 | D:8      | Found a bloodstained altar of Trog.
  7263 | D:8      | Noticed Grum
  7280 | D:7      | Reached skill level 5 in Dodging
  7363 | D:8      | Got a heavily runed ring mail
  7708 | D:8      | Splashed by a centaur's acid

Vault maps used:
D:1:      dpeg_chamrin_arrival_tetris
D:2:      elyvilon_altar_4, first_ration
D:3:      minmay_roachtagon, kennysheep_generic_room_14
D:4:      fiery_altar_vehumet, minivault_25, bloody_trog, uniq_sigmund,
          uniq_menkaure, uniq_crazy_yiuf_cottage, uniq_natasha
D:5:      grunt_temple_overflow_order_and_chaos_2,
          amethyst_overflow_temple_binary, minmay_temple_entry_statues_pillars,
          serial_shops, shop_statue, uniq_ijyb, uniq_prince_ribbit1
D:6:      wad_river_or_something, nicolae_ru_great_annihilating_truth,
          basic_altar, uniq_grinder, uniq_edmund
D:7:      nicolae_overflow_crystal_walls, serial_shops,
          nicolae_shop_statue_plus, the_bakery
D:8:      overflow_temple_1_default, basic_altar, guppyfry_early_elven_hall,
          uniq_grum

Skill      XL: |  1  2  3  4  5  6  7  8  9 10 |
---------------+-------------------------------+-----
Polearms       | 5 6 7 8 9 11 13 14 | 14.0
Fighting       | 3 4 5 7 10 | 10.1
Shields        | 3 4 |  4.4
Dodging        | 6 |  6.4
Throwing       | |  2.0

Action                   |  1- 3 |  4- 6 |  7- 9 | 10-12 || total
-------------------------+-------+-------+-------+-------++-------
Melee: Trident           |   105 |   171 |   434 |   122 ||   832
Throw: Throwing net      |       |     3 |       |       ||     3
       Tomahawk          |       |       |    15 |     5 ||    20
Evoke: Wand              |       |       |     1 |       ||     1
  Use: Scroll            |       |       |    11 |       ||    11
       Potion            |       |       |     1 |       ||     1
 Stab: Sleeping          |     2 |       |       |       ||     2
       Held in net/web   |       |     7 |       |       ||     7
       Paralysed         |       |       |       |     1 ||     1
  Eat: Chunk             |       |     7 |     8 |     3 ||    18
       Ration            |       |       |     1 |       ||     1
Armor: Leather armour    |    19 |     3 |       |       ||    22
       Scale mail        |       |    37 |    87 |    32 ||   156
Dodge: Dodged            |    46 |    72 |   100 |    57 ||   275
Block: Buckler           |       |       |    29 |    33 ||    62

Table legend:
 A = Spawn XP
 B = Non-spawn XP
 C = Spawn XP percentage of total XP
 D = Spawn monster count
 E = Non-spawn monster count
 F = Spawn count percentage of total count
 G = Total turns spent on level
                    A         B        C        D         E        F      G
               +---------+---------+-------+---------+---------+-------+---------
         Total |       0 |    6070 |   0.0 |       0 |     175 |   0.0 |  7708
               +---------+---------+-------+---------+---------+-------+---------
           D:1 |       0 |      48 |   0.0 |       0 |      26 |   0.0 |   688
           D:2 |       0 |     112 |   0.0 |       0 |      21 |   0.0 |  1159
           D:3 |       0 |      66 |   0.0 |       0 |      31 |   0.0 |   848
           D:4 |       0 |    1284 |   0.0 |       0 |      24 |   0.0 |  1208
           D:5 |       0 |     620 |   0.0 |       0 |       9 |   0.0 |   575
           D:6 |       0 |    1635 |   0.0 |       0 |      26 |   0.0 |  1182
           D:7 |       0 |    1789 |   0.0 |       0 |      26 |   0.0 |  1633
           D:8 |       0 |     516 |   0.0 |       0 |      12 |   0.0 |   415
               +---------+---------+-------+---------+---------+-------+---------
